 Dungeon Crawl Stone Soup version 0.32-a0-360-gcd93b57ba1 (webtiles) character file.

Game seed: 17660488596726869797

194 Goblin1989 the Poker (level 5, 0/38 HPs)
             Began as a Coglin Gladiator on Feb 19, 2024.
             Killed by divine providence
             ... invoked by an orc priest
              (11 damage)
             ... on level 3 of the Dungeon.
             The game lasted 00:05:24 (2204 turns).

Goblin1989 the Poker (Coglin Gladiator)             Turns: 2204, Time: 00:05:24

Health: 0/38       AC: 11    Str: 16    XL:     5   Next: 73%
Magic:  5/5        EV: 11    Int:  8    God:
Gold:   106        SH:  0    Dex: 15    Spells: 4/4 levels left

rFire   . . .        a - +0 trident {Lucius}
rCold   . . .        k - +0 spear {Jin}
rNeg    . . .        q - +0 ring mail
rPois   .            c - +0 helmet
rElec   .            (no cloak)
rCorr   .            h - +0 pair of gloves
SInv    .            (no boots)
Will    .....        (no amulet)
Stlth   +            t - +4 ring of protection
HPRegen 0.26/turn    (no ring)
MPRegen 0.09/turn

%: no passive effects
@: revving
A: off-hand wielding, slow wielding, warmup strikes, warmup strides
a: Convert to Beogh


You were on level 3 of the Dungeon.
You visited 1 branch of the dungeon, and saw 3 of its levels.

You collected 106 gold pieces.

Inventory:

Hand Weapons
 a - a +0 trident (weapon) {Lucius}
 k - a +0 spear (worn) {Jin}
Missiles
 d - 3 throwing nets (quivered) {!d , @Q1}
 e - a javelin
Armour
 c - a +0 helmet (worn)
 h - a +0 pair of gloves (worn)
 q - a +0 ring mail (worn)
Jewellery
 s - a ring of fire
 t - a +4 ring of protection (left grasper)
Scrolls
 f - a scroll of silence {unknown}
 g - 3 scrolls of teleportation {unknown}
 i - a scroll of enchant armour {unknown}
 j - a scroll of vulnerability {unknown}
 l - a scroll of enchant weapon {unknown}
 m - a scroll of fear {unknown}
 n - 3 scrolls of identify {unknown}
 p - a scroll of blinking {unknown}
 r - 3 scrolls of revelation {unknown}
 v - a scroll of poison {unknown}
Potions
 o - a potion of lignification {unknown}
 u - a potion of cancellation {unknown}
 w - a potion of curing {unknown}


   Skills:
 - Level 2.0 Fighting
 + Level 5.7 Polearms
 - Level 1.7 Throwing
 - Level 2.6 Dodging


You had 4 spell levels left.
You didn't know any spells.
Your spell library contained the following spells:

 Spells                   Type           Power      Damage    Failure   Level
 Blink                    Tloc           0%         N/A       77%         2
 Lesser Beckoning         Tloc           0%         N/A       77%         2
 Momentum Strike          Conj/Tloc      0%         3d8       77%         2


Dungeon Overview and Level Annotations

Branches:
Dungeon (3/15) Zot: 15707

Altars:
Zin


Innate Abilities, Weirdness & Mutations

You can wield a second weapon in your off-hand.
It takes a long time for you to wield or remove held weapons.
Your first few attacks do less damage.
Your first movements take longer.


Message History

An endoplasm is nearby!
An endoplasm is nearby!
Found a scroll labelled JEAGYCSIDED.
You reach to attack!
You hit the endoplasm with your +0 spear.
You kill the endoplasm!
No target in view!
No target in view!
No target in view!
No target in view!
No target in view!
No target in view!
No target in view!
No target in view!
No target in view!
No target in view!
No target in view!
No target in view!
No target in view!
No target in view!
No target in view!
No target in view!
A quokka comes into view.
A quokka is nearby!
A quokka is nearby!
You reach to attack!
You hit the quokka with your +0 trident.
You kill the quokka!
No target in view!
No target in view!
No target in view!
No target in view!
No target in view!
No target in view!
No target in view!
No target in view!
No target in view!
No target in view!
No target in view!
No target in view!
No target in view!
No target in view!
v - a scroll labelled JEAGYCSIDED
w - a green potion A jackal comes into view.
A jackal is nearby! 2 orc wizards and a jackal come into view.
Found a stone staircase leading down.
The orc wizard shouts!
The jackal barks!
You hear a shout!
An orc comes into view. It is wielding a +0 short sword.
An orc priest comes into view. It is wielding a +0 club.
A jackal comes into view.
You reach to attack!
The orc shouts!
The jackal barks!
You hit the jackal with your +0 trident.
The jackal is severely wounded.
You hit the jackal with your +0 spear.
You kill the jackal!
You hear a bark!
An orc priest comes into view. It is wielding a +0 dagger.
A jackal comes into view.
The orc priest shouts!
The orc wizard gestures wildly while chanting.
The orc wizard flickers and vanishes!
Deactivating autopickup; reactivate with Ctrl-A.
The orc priest invokes the aid of Beogh against you.
Beogh smites you!
The jackal bites you but does no damage.
The orc wizard barely misses you.
The orc priest threatens, "Beogh's wrath is as vast as their mercy.
Make your choice!"
You hit the orc wizard with your +0 trident.
The orc wizard is moderately wounded.
You barely miss the orc wizard with your +0 spear.
The jackal completely misses you.
The orc priest looks braver for a moment.
The orc wizard barely misses you.
You hit the orc wizard with your +0 spear.
The orc wizard is moderately wounded.
You hit the orc wizard with your +0 trident.
The jackal barely misses you.
The jackal bites you but does no damage.
The orc wizard hits you with a +0 dagger.
The orc priest invokes the aid of Beogh against you.
Beogh smites you!
* * * LOW HITPOINT WARNING * * *
The jackal bites you but does no damage.
You are too injured to fight recklessly!
You are too injured to fight recklessly!
You are too injured to fight recklessly!
You take 28 damage, and have 10/38 hp.
MASSIVE DAMAGE!!
You are too injured to fight recklessly!
You are too injured to fight recklessly!
You are too injured to fight recklessly!
You are too injured to fight recklessly!
The jackal bites you but does no damage.
The jackal attacks as it pursues you! The jackal barely misses you.
The jackal bites you but does no damage.
The orc priest invokes the aid of Beogh against you.
Beogh smites you!
You die...

..).........██..█
█████.███.....(.█ █.█
█.......█ █.█ █.......█ █
█.███████.█.█ █████..█
█.█.█ . .....█.█ ..█.█
... .....█.█
█.██.████.....
.......█████. █.@hh.oo...
..........██ ██.ho....>.
.....█.......██..o.█.....
...†........<...█..█


████ .............████.██ ....†.█████... █.. ████.██ ██.█ .... ████.█ .█ █..█
.....█ You could see 2 orc priests, an orc wizard, an orc and 3 jackals.

Vanquished Creatures
  An orc priest (D:3)
  An orc wizard (D:3)
  Robin (D:2)
  2 ribbon worms (D:2)
  A dart slug (D:1)
  7 orcs (D:3)
  4 endoplasms
  2 giant cockroaches (D:1)
  15 goblins
  6 hobgoblins
  A jackal (D:3)
  2 quokkas (D:3)
  4 ball pythons
  2 bats (D:3)
  6 frilled lizards
  6 kobolds
  3 rats
64 creatures vanquished.

Notes
Turn   | Place    | Note
-------+----------+-------------------------------------------
     0 | D:1      | Goblin1989 the Coglin Gladiator began the quest for the
                  | Orb.
     0 | D:1      | Reached XP level 1. HP: 16/16 MP: 1/1
    50 | D:1      | Reached skill level 3 in Polearms
    51 | D:1      | Reached XP level 2. HP: 21/22 MP: 2/2
   369 | D:1      | Reached XP level 3. HP: 13/27 MP: 3/3
   501 | D:1      | Reached skill level 4 in Polearms
   954 | D:2      | Found a faded altar of an unknown god.
  1010 | D:2      | Found a glowing silver altar of Zin.
  1048 | D:2      | Reached XP level 4. HP: 30/33 MP: 4/4
  1050 | D:2      | Noticed Robin
  1058 | D:2      | Killed Robin
  1832 | D:3      | Reached skill level 5 in Polearms
  1838 | D:3      | Reached XP level 5. HP: 38/38 MP: 5/5
  2204 | D:3      | Killed from afar by an orc priest

Illustrated notes

Levels and vault maps discovered:
D:1:      amcnicky_arrival_blooded_trapdoor, layout_loops_ring
D:2:      layout_loops_ring, shapermc_ecumenical_altar_venn, basic_altar,
          uniq_robin
D:3:      layout_rooms

Skill      XL: |  1  2  3  4 |
---------------+-------------+-----
Polearms       | 3 4 5 |  5.7
Fighting       | |  2.0
Throwing       | |  1.7
Dodging        | |  2.6

Action                     |  1- 3 |  4- 6 || total
---------------------------+-------+-------++-------
  Melee: Trident           |   100 |    76 ||   176
         Spear             |    16 |    78 ||    94
   Stab: Sleeping          |     1 |       ||     1
 Armour: Leather armour    |    42 |    18 ||    60
         Ring mail         |       |    48 ||    48
  Dodge: Dodged            |    55 |    34 ||    89

Table legend: (Time is in decaauts)
 A = Elapsed time spent in this place.
 B = Non-inter-level travel time spent in this place.
 C = Inter-level travel time spent in this place.
 D = Time resting spent in this place.
 E = Time spent auto-exploring this place.
 F = Levels seen in this place.
 G = Mean time per level.
                   A        B        C        D        E       F      G
               +--------+--------+--------+--------+--------+-----+--------+
         Total |   2290 |   2191 |     99 |    123 |   1607 |   3 |  763.3 |
       Dungeon |   2290 |   2191 |     99 |    123 |   1607 |   3 |  763.3 |
               +--------+--------+--------+--------+--------+-----+--------+

Top non-repeatable levels by time:
     D:2: 934 daAuts
     D:1: 863 daAuts
     D:3: 492 daAuts
